AoeStats
← Mantis

Black Forest

508980531Analyzed
4v4 RM · 6d ago on Sep 24, 2026· 50m 37s· 8 players
Game mode
Random Map
Map size
Large (8 player)
Population
200
Speed
Normal
Resources
Standard
Victory
Conquest
Starting age
Dark Age
Ending age
Imperial Age
RankedLock teamsTeams togetherTeam positionsShared explorationLock speedFull tech treeHidden civsTurbo modeCheats
Victory
Defeat
🇵🇹 Poles · Portugal
1235
+14
🇳🇱 Danes · Netherlands
1195
+16
🇺🇸 Saxons · United States
1189
+16
🇧🇷 Persians · Brazil
1167
+17
🇧🇷 Danes · Brazil
1270
-19
🇨🇱 Saracens · Chile
1173
-15
🇵🇪 Byzantines · Peru
1164
-15
🇨🇳 Bohemians · China
1140
-14
Builder
0:50 Loom
13:20 Feudal Age
14:27 Double-Bit Axe
16:29 Wheelbarrow
18:47 Castle Age
17:51 Fishing Lines
22:06 Bow Saw
24:56 Gillnets
25:26 Town Watch
25:56 Hand Cart
26:05 Gold Mining
26:06 Stone Mining
30:30 Imperial Age
28:14 Horse Collar
29:51 Scale Mail Armor
30:02 Forging
30:58 Chain Mail Armor
30:34 Fletching
31:06 Onager
32:58 Plate Mail Armor
32:43 Pikeman
32:46 Man-at-Arms
33:11 Gambesons
34:04 Iron Casting
33:17 Elite Varangian Guard
36:47 Blast Furnace
35:36 Northmen's Fury
36:38 Conscription
36:39 Siege Onager
37:35 Heavy Plow
38:08 Siege Engineers
38:29 Pikeman
41:18 Town Patrol
40:52 Halberdier
41:21 Hamask
41:29 Hamask
darkdavixi
0:37 Loom
10:37 Feudal Age
14:48 Castle Age
13:40 Double-Bit Axe
21:06 Horse Collar
21:13 Fishing Lines
22:03 Bow Saw
23:35 Gillnets
26:09 Wheelbarrow
25:51 Loom
26:13 Gold Mining
26:15 Stone Mining
26:31 Heavy Plow
27:44 Town Watch
31:55 Ballistics
31:45 Masonry
34:11 Imperial Age
31:57 Hand Cart
32:37 Stone Shaft Mining
33:12 Scale Barding Armor
33:18 Forging
33:21 Bloodlines
33:11 Husbandry
33:14 Squires
32:59 Arson
33:16 Murder Holes
33:03 Treadmill Crane
33:37 Fortified Wall
33:21 Guard Tower
34:12 Town Patrol
34:52 Chain Barding Armor
34:52 Szlachta Privileges
34:29 Light Cavalry
34:30 Cavalier
36:14 Chemistry
36:44 Conscription
36:45 Lechitic Legacy
36:08 Winged Hussar
37:59 Iron Casting
37:57 Crop Rotation
38:15 Caravan
39:00 Siege Engineers
39:55 Hoardings
41:03 Thumb Ring
47:14 Blast Furnace
46:05 Fletching
46:15 Padded Archer Armor
46:16 Scale Mail Armor
46:04 Elite Skirmisher
46:07 Crossbowman
48:56 Elite Obuch
49:37 Bodkin Arrow
49:58 Leather Archer Armor
50:10 Chain Mail Armor
Mantis
1:23 Loom
10:54 Feudal Age
11:35 Double-Bit Axe
17:40 Castle Age
16:49 Horse Collar
21:24 Bow Saw
26:35 Heavy Plow
26:35 Gold Mining
26:39 Stone Mining
27:29 Wheelbarrow
28:57 Gold Shaft Mining
28:45 Scale Mail Armor
29:05 Hand Cart
32:16 Imperial Age
30:46 Fortified Wall
30:51 Arson
31:06 Squires
30:51 Gambesons
31:56 Chain Mail Armor
31:51 Forging
31:33 Fletching
32:01 Masonry
33:10 Ballistics
32:31 Treadmill Crane
32:35 Man-at-Arms
32:36 Pikeman
33:25 Herbal Medicine
34:44 Two-Man Saw
34:48 Chemistry
34:21 Architecture
34:26 Plate Mail Armor
33:52 Bodkin Arrow
33:20 Shield Wall
34:47 Conscription
33:48 Elite Hearth Troop
35:25 Hoardings
34:44 Sappers
35:56 Iron Casting
36:05 Crop Rotation
35:23 Town Watch
35:31 Elite Varangian Guard
36:30 Town Patrol
37:36 Caravan
39:48 Long Swordsman
41:14 Two-Handed Swordsman
42:36 Murder Holes
42:22 Champion
luizcspinha
11:42 Feudal Age
15:51 Castle Age
14:39 Double-Bit Axe
15:08 Horse Collar
16:05 Fishing Lines
18:47 Bow Saw
21:58 Loom
22:49 Wheelbarrow
23:07 Heavy Plow
25:32 Gold Mining
31:18 Imperial Age
28:56 Scale Barding Armor
29:02 Forging
29:07 Stone Mining
29:53 Gold Shaft Mining
30:03 Chain Barding Armor
30:13 Gillnets
31:22 Iron Casting
32:16 Plate Barding Armor
31:47 Scale Mail Armor
32:55 Two-Man Saw
32:27 Crop Rotation
32:46 Hand Cart
34:26 Conscription
34:09 Kamandaran
34:17 Squires
33:37 Pikeman
35:27 Blast Furnace
34:35 Padded Archer Armor
34:26 Fletching
35:05 Ballistics
34:52 Husbandry
35:06 Bloodlines
34:32 Cavalier
35:49 Town Watch
36:22 Chain Mail Armor
35:30 Halberdier
35:36 Savar
39:01 Hoardings
38:56 Caravan
39:29 Plate Mail Armor
39:03 Padded Archer Armor
38:59 Bodkin Arrow
40:07 Chemistry
38:58 Heated Shot
MauRods
1:49 Loom
16:10 Feudal Age
17:44 Double-Bit Axe
23:18 Castle Age
22:43 Fishing Lines
28:10 Imperial Age
26:17 Wheelbarrow
27:18 Hand Cart
27:31 Scale Barding Armor
27:36 Forging
27:30 Stone Mining
27:56 Scale Mail Armor
28:49 Gillnets
29:15 Forging
29:02 Gold Mining
30:01 Chain Mail Armor
31:19 Gold Shaft Mining
31:08 Bow Saw
31:38 Chain Barding Armor
31:54 Iron Casting
31:33 Bloodlines
31:23 Husbandry
32:00 Town Watch
34:02 Blast Furnace
33:32 Plate Mail Armor
33:38 Plate Barding Armor
33:05 Horse Collar
34:49 Two-Man Saw
33:19 Elite Mameluke
34:28 Conscription
34:40 Town Patrol
34:53 Heavy Plow
35:15 Fletching
36:43 Bodkin Arrow
37:20 Ballistics
38:00 Chemistry
37:40 Clinker Construction
40:23 Counterweights
40:59 Bracer
41:00 Padded Archer Armor
42:26 Caravan
SS4M00
2:12 Loom
13:05 Feudal Age
13:49 Double-Bit Axe
17:00 Forging
18:53 Castle Age
17:30 Wheelbarrow
16:49 Horse Collar
18:02 Man-at-Arms
19:50 Scale Mail Armor
20:03 Heavy Plow
20:07 Gold Mining
20:38 Bow Saw
23:16 Wheelbarrow
22:45 Squires
22:31 Arson
25:33 Gold Shaft Mining
27:32 Stone Mining
30:22 Imperial Age
30:05 Stone Shaft Mining
29:27 Pikeman
31:39 Scale Barding Armor
32:09 Iron Casting
32:20 Chain Mail Armor
31:31 Elite Varangian Guard
33:12 Conscription
34:22 Two-Man Saw
34:52 Hand Cart
34:55 Fortified Wall
35:31 Plate Mail Armor
36:03 Capped Ram
37:13 Logistica
37:26 Chain Barding Armor
37:07 Husbandry
39:38 Chemistry
39:10 Fletching
40:03 Elite Cataphract
40:54 Treadmill Crane
41:26 Careening
42:12 Plate Barding Armor
45:30 Long Swordsman
46:07 Two-Handed Swordsman
46:33 Gambesons
47:57 Champion
lancer
6:31 Loom
10:09 Feudal Age
12:56 Wheelbarrow
17:20 Castle Age
16:44 Double-Bit Axe
16:42 Horse Collar
32:20 Imperial Age
30:07 Hand Cart
29:38 Town Watch
30:23 Ballistics
30:24 Bow Saw
30:30 Heavy Plow
32:25 Chemistry
30:58 Pikeman
31:38 Squires
31:31 Arson
31:54 Town Patrol
34:25 Two-Man Saw
33:51 Siege Engineers
34:18 Conscription
33:35 Halberdier
35:21 Scale Mail Armor
35:31 Forging
36:06 Masonry
35:43 Houfnice
37:28 Chain Mail Armor
37:48 Iron Casting
38:25 Scale Barding Armor
38:53 Plate Mail Armor
darkdudu
0:44 Loom
12:09 Feudal Age
14:28 Double-Bit Axe
16:58 Castle Age
15:19 Horse Collar
24:53 Heavy Plow
25:26 Bow Saw
26:32 Wheelbarrow
28:28 Hand Cart
29:30 Scale Mail Armor
29:41 Forging
30:27 Stone Mining
32:37 Chain Mail Armor
32:59 Iron Casting
33:19 Gambesons
33:35 Squires
33:21 Arson
34:26 Stone Shaft Mining
33:43 Gold Mining
36:29 Imperial Age
35:00 Hamask
36:33 Elite Varangian Guard
36:35 Onager
37:48 Plate Mail Armor
38:19 Blast Furnace
36:42 Northmen's Fury
37:44 Siege Engineers
40:42 Capped Ram
42:08 Caravan
41:53 Siege Ram
Connection lost

Rejoining the realm…

Still unreachable

The connection could not be restored.

Session expired

The server has moved on; the page needs a fresh start.